 Dungeon Crawl Stone Soup version 0.32-a0-938-g40ac7a0f4d (webtiles) character file.

Game seed: 5421642816280963333

112 elagabalus the Magician (level 5, -2/36 HPs)
             Began as a Djinni Necromancer on Apr 15, 2024.
             Killed by divine providence
             ... invoked by an orc priest
              (11 damage)
             ... on level 4 of the Dungeon on Apr 16, 2024.
             The game lasted 00:18:22 (1947 turns).

elagabalus the Magician (Djinni Necromancer)        Turns: 1947, Time: 00:18:22

Health: -2/36      AC:  5    Str:  7    XL:     5   Next: 16%
Gold:   184        EV: 11    Int: 19    God:
                   SH:  0    Dex: 13

rFire   + + .        e - +0 short sword
rCold   x . .        (no shield)
rNeg    . . .        a - +0 robe
rPois   ∞            k - +0 helmet
rElec   .            (no cloak)
rCorr   .            l - +1 pair of gloves
SInv    .            (boots unavailable)
Will    .....        (no amulet)
Stlth   ++           (no ring)
HPRegen 0.26/turn    (no ring)

%: infuse magic (-3 HP)
@: flying
A: sickness immunity, fire resistance 2, cold vulnerability 1, float, innate
caster, HP casting, extra vitality 1
a: Convert to Beogh


You were on level 4 of the Dungeon.
You visited 1 branch of the dungeon, and saw 4 of its levels.

You collected 184 gold pieces.

Inventory:

Hand Weapons
 e - a +0 short sword (weapon)
Armour
 a - a +0 robe (worn)
 k - a +0 helmet (worn)
 l - a +1 pair of gloves (worn)
Scrolls
 d - 2 scrolls of fog
 g - 2 scrolls of blinking
 h - a scroll of enchant armour
 i - a scroll of teleportation {unknown}
Potions
 b - a potion of berserk rage
 c - a potion of attraction
 f - 3 potions of heal wounds
 j - a potion of curing {unknown}
 n - 2 potions of lignification


   Skills:
 * Level 0.9 Fighting
 - Level 2.1 Dodging
 - Level 1.5 Stealth
 - Level 5.0 Spellcasting
 - Level 5.0 Conjurations
 - Level 5.0 Hexes
 - Level 5.0 Summonings
 - Level 5.0 Necromancy
 - Level 5.0 Translocations
 - Level 5.0 Fire Magic
 - Level 5.0 Ice Magic
 - Level 5.0 Air Magic
 - Level 5.0 Earth Magic
 - Level 5.0 Alchemy


You knew the following spells:

 Your Spells              Type           Power      Damage    Failure   Level
a - Necrotise             Necr           92%        1d8       1%          1
b - Vampiric Draining     Necr           23%        2d7       4%          3
c - Animate Dead          Necr           23%        N/A       16%         4
d - Curse of Agony        Necr           23%        N/A       41%         5
e - Magic Dart            Conj           92%        1d7       1%          1
f - Lesser Beckoning      Tloc           46%        N/A       2%          2
Your spell library was empty.

Dungeon Overview and Level Annotations

Branches:
Dungeon (4/15)
 Temple: D:4-7

Altars:


Innate Abilities, Weirdness & Mutations

You are immune to sickness and miasma.
You are immune to poison.
Your flesh is very heat resistant. (rF++)
You are vulnerable to cold. (rC-)
You float through the air rather than walking.
You learn spells naturally, not from books.
Your magical power is your life essence.
You have superior vitality. (+4 MHP)


Message History

Your Translocations skill increases to level 5!
Your Fire Magic skill increases to level 5!
Your Ice Magic skill increases to level 5!
Your Air Magic skill increases to level 5!
Your Earth Magic skill increases to level 5!
Your Alchemy skill increases to level 5!
The orc priest looks satisfied for a moment.
Aiming: Vampiric Draining (dangerous; 4% risk of failure)
Press: ? - help, Q - select action, (/) - cycle Shift-Dir - straight line, f - kobold
Aim: a kobold, wielding a +0 dagger You draw life force from the kobold.
You kill the kobold!
You feel life coursing into your body.
Aiming: Vampiric Draining (dangerous; 4% risk of failure)
Press: ? - help, Q - select action, (/) - cycle Shift-Dir - straight line, f - adder
Aim: an adder You draw life force from the adder!
You feel life coursing into your body. The adder closely misses you.
Aiming: Vampiric Draining (dangerous; 4% risk of failure)
Press: ? - help, Q - select action, (/) - cycle Shift-Dir - straight line, f/p - adder
Aim: an adder (severely wounded)
You draw life force from the adder!
You kill the adder!
You feel life coursing into your body.
The orc priest mumbles some strange prayers to Beogh against you.
Beogh smites you!
* * * LOW HITPOINT WARNING * * *
Aiming: Vampiric Draining (dangerous; 4% risk of failure)
Press: ? - help, Q - select action, (/) - cycle Shift-Dir - straight line, f - orc
Aim: an orc, wielding a +0 short sword and wearing a +0 leather armour You draw life force from the orc!
You kill the orc!
You feel life coursing into your body.
* * * LOW HITPOINT WARNING * * *
The orc priest calls down the wrath of Beogh upon you.
You struggle to resist.
Items here: )) [ ††.
The orc priest invokes the aid of Beogh against you.
Beogh smites you!
You die...

. .. ####.#.
....... .......
####.......
#######
####@)...#
#.....#
#..o.#####
#.....####.####
#.....##...#
#........###
#..#.o.###
####)...####
..#..##......#
.....Z........


You could see an orc priest.

Vanquished Creatures
  3 adders
  A ribbon worm (D:2)
  8 orcs
  A bat (D:2)
  6 endoplasms
  5 giant cockroaches
  8 hobgoblins
  6 jackals (D:1)
  2 quokkas (D:2)
  7 ball pythons
  4 frilled lizards
  7 goblins
  3 kobolds
  4 rats
65 creatures vanquished.

Notes
Turn   | Place    | Note
-------+----------+-------------------------------------------
     0 | D:1      | elagabalus the Djinni Necromancer began the quest for the
                  | Orb.
     0 | D:1      | elagabalus set off with the following spells memorised:
                  | Necrotise, Vampiric Draining, Animate Dead, Curse of Agony.
     0 | D:1      | Reached XP level 1. HP: 15/15 MP: 0/0
   115 | D:1      | Found a faded altar of an unknown god.
   130 | D:1      | Reached XP level 2. HP: 20/21 MP: 0/0
   531 | D:1      | Reached XP level 3. HP: 23/25 MP: 0/0
   531 | D:1      | Learned a level 1 spell: Magic Dart
  1170 | D:2      | Reached XP level 4. HP: 30/31 MP: 0/0
  1858 | D:4      | Noticed an ice beast
  1865 | D:3      | Reached XP level 5. HP: 33/35 MP: 0/0
  1865 | D:3      | Learned a level 2 spell: Lesser Beckoning
  1927 | D:4      | Reached skill level 5 in Spellcasting
  1927 | D:4      | Reached skill level 5 in Conjurations
  1927 | D:4      | Reached skill level 5 in Hexes
  1927 | D:4      | Reached skill level 5 in Summonings
  1927 | D:4      | Reached skill level 5 in Necromancy
  1927 | D:4      | Reached skill level 5 in Translocations
  1927 | D:4      | Reached skill level 5 in Fire Magic
  1927 | D:4      | Reached skill level 5 in Ice Magic
  1927 | D:4      | Reached skill level 5 in Air Magic
  1927 | D:4      | Reached skill level 5 in Earth Magic
  1927 | D:4      | Reached skill level 5 in Alchemy
  1947 | D:4      | Killed from afar by an orc priest

Illustrated notes

Levels and vault maps discovered:
D:1:      dpeg_arrival_tiny_b, layout_loops_ring,
          hellmonk_ecumenical_altar_crossroads
D:2:      layout_basic, amcnicky_mini_pool_small
D:3:      layout_basic, minmay_tree_intersection
D:4:      layout_rooms, amethyst_overflow_temple_binary, zin_academy,
          serial_undead, serial_undead_b, serial_undead_d, serial_undead_d,
          serial_undead_e, serial_undead_e, serial_undead_d,
          minmay_misc_feat_cross, st_stairs_14, serial_bayou_pond_d,
          uniq_eustachio

Skill      XL: |  1  2  3  4  5 |
---------------+----------------+-----
Spellcasting   | 4 5 |  5.0
Conjurations   | 4 5 |  5.0
Hexes          | 4 5 |  5.0
Summonings     | 4 5 |  5.0
Necromancy     | 4 5 |  5.0
Translocations | 4 5 |  5.0
Fire Magic     | 4 5 |  5.0
Ice Magic      | 4 5 |  5.0
Air Magic      | 4 5 |  5.0
Earth Magic    | 4 5 |  5.0
Alchemy        | 4 5 |  5.0
Fighting       | |  0.9
Dodging        | |  2.1
Stealth        | |  1.5

Action                     |  1- 3 |  4- 6 || total
---------------------------+-------+-------++-------
  Melee: Short sword       |     1 |     1 ||     2
         Dagger            |     1 |       ||     1
   Cast: Necrotise         |    30 |       ||    30
         Magic Dart        |    39 |       ||    39
         Vampiric Draining |     4 |    32 ||    36
    Use: Scroll            |     8 |     4 ||    12
 Armour: Robe              |     8 |    15 ||    23
  Dodge: Dodged            |    18 |    10 ||    28

Table legend: (Time is in decaauts)
 A = Elapsed time spent in this place.
 B = Non-inter-level travel time spent in this place.
 C = Inter-level travel time spent in this place.
 D = Time resting spent in this place.
 E = Time spent auto-exploring this place.
 F = Levels seen in this place.
 G = Mean time per level.
                   A        B        C        D        E       F      G
               +--------+--------+--------+--------+--------+-----+--------+
         Total |   1945 |   1945 |      0 |      0 |      0 |   4 |  486.2 |
       Dungeon |   1945 |   1945 |      0 |      0 |      0 |   4 |  486.2 |
               +--------+--------+--------+--------+--------+-----+--------+

Top non-repeatable levels by time:
     D:1: 719 daAuts
     D:2: 618 daAuts
     D:3: 569 daAuts
     D:4: 38 daAuts
